 Dungeon Sprint DCSS version 0.23.0-38-g208d714 (webtiles) character file.

Game seed: 9476953984231314220

588 Fang the Fighter (level 7, -18/76 HPs)
             Began as a Gargoyle Berserker on Feb 27, 2019.
             Was an Elder of Trog.
             Demolished by a shadow (25 damage)
             ... in the Dungeon (Sprint III: "The Ten Rune Challenge").
             The game lasted 00:00:57 (661 turns).

Fang the Fighter (Gargoyle Berserker)                Turns: 661, Time: 00:00:57

Health: -18/76     AC:  7    Str: 27    XL:     7   Next: 38%
Magic:  7/7        EV: 14    Int:  8    God:    Trog [****..]
Gold:   31         SH:  0    Dex:  9    Spells: 6/6 levels left

rFire    . . .     SeeInvis .   a - +0 hand axe
rCold    . . .     Gourm    .   (no shield)
rNeg     + . .     Faith    .   b - +0 animal skin
rPois    ∞         Spirit   .   (no helmet)
rElec    +         Reflect  .   (no cloak)
rCorr    .         Harm     .   (no gloves)
MR       .....     NoTele   +   (no boots)
Stlth    ..........             (no amulet)
HPRegen  0.22/turn              (no ring)
MPRegen  0.10/turn              (no ring)

@: berserking, very quick
A: negative energy resistance 1, electricity resistance, unbreathing,
petrification resistance, rot immunity, AC +4
a: Berserk, Trog's Hand, Brothers in Arms, Renounce Religion


You were in the Dungeon.
You worshipped Trog.
Trog was greatly pleased with you.
You were hungry.

You visited 1 branch You collected 31 gold pieces.

Inventory:

Hand Weapons
 a - a +0 hand axe (weapon)
Armour
 b - a +0 animal skin (worn)
Scrolls
 i - a scroll of blinking
 k - a scroll of immolation {unknown}
 l - a scroll of enchant armour {unknown}
 m - a scroll of torment {unknown}
 n - 2 scrolls of identify {unknown}
 o - 3 scrolls of remove curse
 r - a scroll of holy word {unknown}
Potions
 d - a potion of curing
 e - a potion of heal wounds
 f - a potion of haste
 g - 2 potions of magic
 h - a potion of berserk rage
 j - 4 potions of mutation
 p - a potion of might {unknown}
 q - 4 potions of flight
Comestibles
 c - 3 rations
 s - 2 chunks of flesh


   Skills:
 + Level 9.1 Fighting
 + Level 7.6 Axes
 + Level 8.8 Armour
 + Level 6.6 Dodging


You had 6 spell levels left.
You didn't know any spells.
Your spell library was empty.

Dungeon Overview and Level Annotations

Branches:
Dungeon (1/1)

Altars:
Elyvilon
Kikubaaqudgha
Sif Muna
Vehumet
Zin
The Shining One


Innate Abilities, Weirdness & Mutations

You are resistant to torment.
Your stone body is resilient. (AC +4)
You are immune to poison.
You resist negative energy. (rN+)
You are resistant to electric shocks. (rElec)
You can survive without breathing.
You are immune to petrification.
You are immune to rotting.


Message History

The shadow is heavily damaged.
The shadow barely misses you.
You barely miss the shadow.
The shadow is heavily damaged.
The shadow hits you.
* * * LOW HITPOINT WARNING * * *
You slash the shadow!
The shadow is severely damaged.
The shadow hits you.
* * * LOW HITPOINT WARNING * * *
You barely miss the shadow.
The shadow is severely damaged.
The shadow slips into darkness.
The shadow flickers and vanishes!
Deactivating autopickup; reactivate with Ctrl-A.
A red film seems to cover your vision as you go berserk!
You feel yourself moving faster!
You feel mighty!
You are feeling hungry.
The shadow strikes at you from the darkness!
You die...

▓▓▓ ##.#####
####..#___#
#..#..#)..#
#..#..###'#+###+##
##'#..#..........#
###...).⌠........#
###...#...######@#
##....#.⌠.# #.{.#
#.....#...# #...#
......#'### #...#
#.....#.):# #..%+
##....#___# +...#
▓▓▓▓▓▓▓▓▓▓ ▓▓▓▓▓


There were no monsters in sight!

Vanquished Creatures
  A deep elf mage (D)
  A water elemental (D)
  A jelly (D)
  A wizard (D)
  Jessica (D)
  A human (D)
  A kobold demonologist (D)
  A wolf (D)
  An ooze (D)
  2 rats (D)
11 creatures vanquished.

Vanquished Creatures (others)
  2 draconian scorchers (D)
  6 hellions (D)
  2 yaktaurs (D)
  3 plants (D)
13 creatures vanquished.

Grand Total: 24 creatures vanquished

Notes
Turn   | Place    | Note
-------+----------+-------------------------------------------
     0 | D        | Fang the Gargoyle Berserker began the quest for the Orb.
     0 | D        | Reached XP level 1. HP: 14/14 MP: 1/1
    37 | D        | Reached ** piety under Trog
    61 | D        | Noticed Jessica
    65 | D        | Killed Jessica
    65 | D        | Reached skill level 4 in Fighting
    65 | D        | Reached XP level 2. HP: 13/20 MP: 2/2
    65 | D        | Reached XP level 3. HP: 15/24 MP: 3/3
    91 | D        | Killed a hellion
    91 | D        | Killed a hellion
    91 | D        | Killed a hellion
    92 | D        | Killed a hellion
   107 | D        | Reached skill level 5 in Fighting
   112 | D        | Reached *** piety under Trog
   112 | D        | Reached XP level 4. HP: 10/31 MP: 4/4
   140 | D        | Killed a hellion
   145 | D        | Killed a yaktaur
   179 | D        | Killed a white draconian scorcher
   207 | D        | Killed a white draconian scorcher
   209 | D        | Killed a hellion
   414 | D        | Noticed a water elemental
   419 | D        | Killed a water elemental
   419 | D        | Reached skill level 6 in Fighting
   419 | D        | Reached skill level 5 in Axes
   419 | D        | Reached skill level 5 in Armour
   419 | D        | Reached XP level 5. HP: 36/36 MP: 5/5
   471 | D        | Found a glowing silver altar of Zin.
   471 | D        | Found a glowing golden altar of the Shining One.
   471 | D        | Found a white marble altar of Elyvilon.
   472 | D        | Noticed a deep elf mage
   481 | D        | Killed a deep elf mage
   481 | D        | Reached skill level 8 in Fighting
   481 | D        | Reached XP level 6. HP: 45/45 MP: 6/6
   481 | D        | Reached XP level 7. HP: 50/50 MP: 7/7
   548 | D        | Found a radiant altar of Vehumet.
   548 | D        | Found a deep blue altar of Sif Muna.
   548 | D        | Found an ancient bone altar of Kikubaaqudgha.
   556 | D        | Reached **** piety under Trog
   556 | D        | Reached skill level 9 in Fighting
   564 | D        | Paralysed by a wizard for 7 turns
   590 | D        | Killed a yaktaur
   646 | D        | Noticed a shadow
   661 | D        | Demolished by a shadow

Skill      XL: |  1  2  3  4  5  6  7 |
---------------+----------------------+-----
Axes           | 3 4 5 7 |  7.6
Dodging        | 2 3 4 6 |  6.6
Fighting       | 4 5 6 8 9 |  9.1
Armour         | 4 5 8 |  8.8

Action                   |  1- 3 |  4- 6 |  7- 9 || total
-------------------------+-------+-------+-------++-------
Melee: Hand axe          |    22 |    10 |    24 ||    56
Invok: Berserk           |     1 |     2 |     2 ||     5
 Stab: Sleeping          |     1 |       |     1 ||     2
  Eat: Chunk             |       |       |     3 ||     3
Armor: Animal skin       |     1 |     1 |     8 ||    10
Dodge: Dodged            |    16 |     5 |    11 ||    32
